 Dungeon Crawl Stone Soup version 0.17-a0-1337-ge651487 (webtiles) character file.

5335 Kidiri the Covert (level 10, -5/43 HPs)
             Began as a Spriggan Enchanter on June 10, 2015.
             Was a Believer of Dithmenos.
             Slain by a blink frog (16 damage)
             ... on level 1 of the Lair of Beasts.
             The game lasted 00:57:41 (11877 turns).

Kidiri the Covert (Spriggan Enchanter)             Turns: 11877, Time: 00:57:41

Health: -5/43      AC:  5    Str:  4    XL:     10   Next: 38%
Magic:  20/22      EV: 24    Int: 19    God:    Dithmenos [**....]
Gold:   503        SH:  0    Dex: 18    Spells: 10 memorised, 2 levels left

rFire  . . .     SeeInvis +     z - +8 dagger (venom)
rCold  + . .     Clarity  .     k - +2 robe {MR+}
rNeg   . . .     SustAt   .     (shield restricted)
rPois  .         Gourm    .     (helmet restricted)
rElec  .         Spirit   .     t - +0 cloak (curse)
rCorr  .         Warding  .     (gloves unavailable)
rMut   .         Stasis   +     (boots unavailable)
MR     ++...                    l - amulet of stasis
Stlth  +++++++...               v - ring of flight
                                f - ring of protection from cold

@: very slightly contaminated, wreathed by umbra, very quick, very resistant to
hostile enchantments, extremely stealthy
A: unfitting armour, see invisible, herbivore 3, speed 3, frail 1, slow
metabolism 2
a: Shadow Step, Renounce Religion, Evoke Flight


You were on level 1 of the Lair of Beasts.
You worshipped Dithmenos.
Dithmenos was pleased with you.
You were not hungry.

You visited 3 branches of the dungeon, and saw 10 of its levels.
You also visited: Bailey.

You collected 503 gold pieces.

Inventory:

Hand weapons
 a - a +1 dagger
 p - a +1 vampiric dagger
 z - a +8 dagger of venom (weapon)
 B - a +0 rapier
Missiles
 q - 41 tomahawks of returning
 x - 22 poisoned needles
 I - a throwing net (quivered)
Armour
 k - a +2 robe of magic resistance (worn)
 t - a cursed +0 cloak (worn)
 K - a +0 troll leather armour
Jewellery
 f - a ring of protection from cold (left hand)
 l - an amulet of stasis (around neck)
 v - a ring of flight (right hand)
Magical devices
 g - a wand of draining (8)
 y - a wand of disintegration (11)
 A - a wand of enslavement (15)
Scrolls
 b - 7 scrolls of teleportation
 h - a scroll of recharging
 i - 4 scrolls of remove curse
 n - a scroll of magic mapping
 o - 2 scrolls of enchant armour {unknown}
 s - 2 scrolls of fog {unknown}
 u - a scroll of immolation {unknown}
 D - a scroll of noise {unknown}
Potions
 e - 3 potions of ambrosia
 j - 6 potions of curing
 m - a potion of agility
 r - 2 potions of magic
 w - a potion of heal wounds
 G - a potion of resistance
Books
 c - a book of Maledictions

   Spells                             Type                      Level
   a - Corona                         Hexes                        1
   b - Ensorcelled Hibernation        Hexes/Ice                    2
   c - Confuse                        Hexes                        3
   d - Tukima's Dance                 Hexes                        3
   e - Dazzling Spray                 Conjuration/Hexes            3
 C - a book of Necromancy

   Spells                             Type                      Level
   a - Pain                           Necromancy                   1
   b - Animate Skeleton               Necromancy                   1
   c - Vampiric Draining              Necromancy                   3
   d - Regeneration                   Charms/Necromancy            3
   e - Animate Dead                   Necromancy                   4
   f - Control Undead                 Necromancy                   4
 H - a book of Debilitation

   Spells                             Type                      Level
   a - Corona                         Hexes                        1
   b - Slow                           Hexes                        2
   c - Gell's Gravitas                Hexes/Translocation          3
   d - Inner Flame                    Hexes/Fire                   3
   e - Cause Fear                     Hexes                        4
   f - Leda's Liquefaction            Hexes/Earth                  4
Miscellaneous
 E - a lantern of shadows
 F - a stone of tremors
Comestibles
 d - 8 bread rations


   Skills:
 + Level 2.8 Fighting
 * Level 6.5 Short Blades
 + Level 2.5 Throwing
 + Level 2.4 Armour
 * Level 8.4 Dodging
 * Level 9.4 Stealth
 * Level 7.5 Spellcasting
 + Level 2.3 Conjurations
 + Level 5.8 Hexes
 + Level 1.7 Charms
 + Level 2.2 Necromancy
 + Level 3.2 Ice Magic
 + Level 3.1 Invocations
 + Level 4.1 Evocations


You had 2 spell levels left.
You knew the following spells:

 Your Spells              Type           Power        Failure   Level  Hunger
a - Corona                Hex            ####...      1%          1    None
b - Ensorcelled Hibernat  Hex/Ice        ###...       2%          2    None
c - Confuse               Hex            ####....     2%          3    #......
d - Tukima's Dance        Hex            ####....     2%          3    #......
e - Dazzling Spray        Conj/Hex       ###.....     8%          3    #......
f - Animate Skeleton      Necr           N/A          4%          1    None
g - Pain                  Necr           ###.         4%          1    None
h - Vampiric Draining     Necr           ###.......   12%         3    #......
i - Regeneration          Chrm/Necr      ##........   14%         3    #......
j - Slow                  Hex            ####....     1%          2    None


Dungeon Overview and Level Annotations

Branches:
Dungeon (8/15)             Temple (1/1) D:6            Lair (1/8) D:8

Altars:
Ashenzari
Cheibriados
Dithmenos
Elyvilon
Fedhas
Gozag
Kikubaaqudgha
Makhleb
Nemelex Xobeh
Okawaru
Ru
Sif Muna
Trog
Xom
Yredelemnul
Zin
The Shining One

Shops:
D:4 [


Innate Abilities, Weirdness & Mutations

You are tiny and cannot use many weapons and most armour.
You have supernaturally acute eyesight.
You are a herbivore.
You cover ground extremely quickly.
You need consume almost no food.
You are frail (-10% HP).


Message History

* * * LOW HITPOINT WARNING * * *
The blink frog blinks!
You closely miss the blink frog.
The blink frog is moderately wounded.
The blink frog closely misses you.
You hit the blink frog.
The blink frog is lightly wounded.
The blink frog barely misses you. The blink frog closely misses you.
The blink frog blinks!
The blink frog barely misses you.
The blink frog blinks!
The blink frog blinks! x2
You puncture the blink frog!
The blink frog is lightly wounded.
The blink frog misses you.
The blink frog blinks!
The blink frog blinks! x2
The blink frog blinks!
The blink frog looks more healthy.
The blink frog hits you!
You die...

#...............P#
#................#
#.......§.......##
#................# ###
#...........§...##
###.####
#......F.........#
#.......
......#........##
#....... .....##....F..##
##....## ..#
#.......@##########.|.###
####..#F..........#...###
.........................
..P#.##..................
.........................
..................######.
#....#
.................## #%
#..... ####..#.........##
##. #....# #.#######..(.#
####..


You could see 2 blink frogs.

Vanquished Creatures
  2 orc knights (Bailey)
  The ghost of Raurakos the Grappler, an experienced VSTm of Makhleb (D:8)
  A spiny frog (Lair:1)
  Grinder (D:5)
  4 yaks
  2 hippogriffs
  4 orc warriors
  A water moccasin (D:8)
  2 porcupines (Lair:1)
  3 ogres (D:7)
  2 centaurs
  2 phantoms
  2 ice beasts
  3 giant frogs
  2 scorpions
  2 wights (D:7)
  4 crimson imps
  2 hounds
  A quasit (D:6)
  A centaur skeleton (D:4)
  3 orc priests
  2 orc wizards
  4 worker ants
  Jessica (D:3)
  2 iguanas
  A hound skeleton (D:4)
  A hound zombie (D:7)
  11 adders
  A river rat (D:8)
  4 gnolls
  2 shadow imps (D:7)
  An adder skeleton (D:8)
  2 adder zombies
  5 giant geckos
  18 orcs
  4 bat skeletons
  9 giant cockroaches
  7 hobgoblins
  A quokka (D:2)
  A ball python (D:2)
  13 bats
  A giant cockroach zombie (D:6)
  A giant gecko skeleton (D:7)
  14 giant newts
  24 goblins
  7 jackals
  18 kobolds
  A quokka skeleton (D:7)
  19 rats
220 creatures vanquished.

Vanquished Creatures (collateral kills)
  2 wights (D:7)
2 creatures vanquished.

Grand Total: 222 creatures vanquished

Notes
Turn   | Place    | Note
--------------------------------------------------------------
     0 | D:1      | Kidiri the Spriggan Enchanter began the quest for the Orb.
     0 | D:1      | Reached XP level 1. HP: 9/9 MP: 5/5
   439 | D:1      | Reached XP level 2. HP: 14/14 MP: 4/6
   443 | D:1      | Learned a level 2 spell: Ensorcelled Hibernation
   810 | D:2      | Found a glowing silver altar of Zin.
   810 | D:2      | Noticed an angel
  1234 | D:2      | Reached XP level 3. HP: 14/17 MP: 8/8
  1241 | D:2      | Learned a level 3 spell: Confuse
  1983 | D:3      | Reached XP level 4. HP: 18/21 MP: 9/9
  1990 | D:3      | Learned a level 3 spell: Tukima's Dance
  2429 | D:3      | Reached skill level 1 in Fighting
  2450 | D:3      | Noticed Jessica
  2466 | D:3      | Killed Jessica
  2466 | D:3      | Reached skill level 5 in Stealth
  3130 | D:4      | Found Zonac's Antique Armour Shop.
  3150 | D:4      | Reached XP level 5. HP: 14/25 MP: 11/11
  3373 | D:4      | Reached skill level 1 in Ice Magic
  3421 | D:4      | Gained mutation: Your flesh is heat resistant. [potion of mutation]
  3421 | D:4      | Lost mutation: Your flesh is heat resistant. [potion of mutation]
  3421 | D:4      | Gained mutation: You are frail (-10% HP). [potion of mutation]
  3725 | D:4      | Reached XP level 6. HP: 13/27 MP: 2/13
  3886 | D:4      | Learned a level 3 spell: Dazzling Spray
  3924 | D:4      | Reached skill level 6 in Stealth
  4043 | D:4      | Found a blossoming altar of Fedhas.
  4155 | D:5      | Entered Level 5 of the Dungeon
  4256 | D:5      | Noticed Grinder
  4269 | D:5      | Killed Grinder
  4269 | D:5      | Reached skill level 5 in Dodging
  4269 | D:5      | Reached XP level 7. HP: 30/30 MP: 8/15
  4396 | D:5      | Found a burning altar of Makhleb.
  4759 | D:5      | Reached skill level 1 in Armour
  4950 | D:6      | Found a staircase to the Ecumenical Temple.
  4964 | Temple   | Entered the Ecumenical Temple
  5109 | Temple   | Became a worshipper of Dithmenos the Shadowed
  6449 | D:6      | Reached skill level 5 in Spellcasting
  6809 | D:7      | Learned a level 1 spell: Animate Skeleton
  6812 | D:7      | Learned a level 1 spell: Pain
  6886 | D:7      | Reached skill level 7 in Stealth
  6886 | D:7      | Reached skill level 1 in Conjurations
  6970 | D:7      | Reached skill level 1 in Evocations
  6970 | D:7      | Reached XP level 8. HP: 23/35 MP: 7/16
  7079 | D:7      | Reached skill level 1 in Invocations
  7131 | D:7      | Found a bloodstained altar of Trog.
  7560 | D:7      | Found a flagged portal.
  7577 | Bailey   | Entered a bailey
  7837 | Bailey   | Learned a level 3 spell: Vampiric Draining
  7851 | Bailey   | Noticed an orc knight
  7875 | Bailey   | Killed an orc knight
  7875 | Bailey   | Reached skill level 5 in Short Blades
  7875 | Bailey   | Reached skill level 1 in Throwing
  7875 | Bailey   | Reached skill level 5 in Hexes
  7875 | Bailey   | Reached skill level 1 in Necromancy
  7991 | Bailey   | Noticed an orc knight
  7991 | Bailey   | Reached XP level 9. HP: 37/37 MP: 10/19
  8006 | Bailey   | Killed an orc knight
  8006 | Bailey   | Reached skill level 8 in Stealth
  8063 | Bailey   | Learned a level 3 spell: Regeneration
  8171 | Bailey   | Acquired Dithmenos's first power
  9629 | D:8      | Noticed Raurakos's ghost (experienced VSTm)
 10194 | D:8      | Reached skill level 1 in Charms
 10273 | D:8      | Killed Raurakos's ghost
 10277 | D:8      | Learned a level 2 spell: Slow
 10437 | D:8      | Reached skill level 9 in Stealth
 10445 | D:8      | Reached XP level 10. HP: 14/42 MP: 3/21
 10733 | D:8      | Found a staircase to the Lair.
 10752 | D:8      | Found a basalt altar of Yredelemnul.
 11036 | D:8      | Found a shadowy altar of Dithmenos.
 11090 | Lair:1   | Entered Level 1 of the Lair of Beasts
 11877 | Lair:1   | Slain by a blink frog

Vault maps used:
D:1:      scummos_arrival_star
D:2:      zin_angel, minmay_lizard_king
D:3:      uniq_jessica
D:4:      nicolae_overflow_hidden_temple, first_bread, serial_shops,
          nicolae_shop_overgrown_old_shop
D:5:      kennysheep_little_box, uniq_grinder
D:6:      minmay_temple_entry_statues_pillars, small_statue_intersection
D:7:      overflow_temple_1_default, enter_bailey_3, grunt_ogre_cave
D:8:      yredelemnul_altar_generic, due_lair_maze_entry_diamond,
          grunt_dithmenos_shadows
Temple:   oiseaux_autumnal_temple_12
Bailey:   bailey_axe_4, bailey

Action                   |  1- 3 |  4- 6 |  7- 9 | 10-12 || total
-------------------------+-------+-------+-------+-------++-------
Melee: Dagger            |   110 |   146 |   405 |    74 ||   735
Throw: Tomahawk          |       |       |     2 |       ||     2
 Cast: Corona            |     6 |     1 |    13 |       ||    20
       Ensorcelled Hiber |    10 |    21 |    48 |    24 ||   103
       Confuse           |       |     3 |    36 |     3 ||    42
       Regeneration      |       |       |     2 |       ||     2
       Tukima's Dance    |       |       |     1 |       ||     1
Invok: Shadow Step       |       |       |     1 |     1 ||     2
 Abil: Evoke Flight      |       |       |     6 |       ||     6
  Use: Scroll            |     2 |     6 |    12 |       ||    20
       Potion            |       |     1 |     1 |       ||     2
 Stab: Sleeping          |    13 |    25 |    47 |    11 ||    96
       Confused          |       |     3 |     5 |       ||     8
  Eat: Fruit             |       |     2 |     2 |       ||     4
       Pizza             |       |     1 |     1 |       ||     2
       Royal jelly       |       |       |     1 |       ||     1
       Bread ration      |       |       |     1 |       ||     1
